 Dungeon Crawl Stone Soup version 0.30-a0-393-g54b8e3be05 (webtiles) character file.

Game seed: 13887184914647393630

247 NinjaNoafa the Sneak (level 6, -1/42 (43) HPs)
             Began as an Octopode Fighter on Dec 5, 2022.
             Slain by an orc
             ... wielding a +2 dagger of draining
              (4 damage)
             ... on level 4 of the Dungeon.
             The game lasted 00:06:43 (3170 turns).

NinjaNoafa the Sneak (Octopode Fighter)             Turns: 3170, Time: 00:06:43

HP:   -1/42 (43)    AC:  1    Str: 16    XL:     6   Next: 11%
MP:   6/6           EV: 13    Int: 12    God:
Gold: 235           SH:  4    Dex: 11    Spells: 5/5 levels left

rFire   . . .      SeeInvis .    a - staff of poison
rCold   . . .      Faith    .    n - +0 buckler
rNeg    . . .      Spirit   .    (helmet restricted)
rPois   +          Reflect  .    (no amulet)
rElec   .          Harm     .    r - ring of willpower
rCorr   .          Rampage  .    (no ring)
Will    +....                    (no ring)
Stlth   +++.......               (no ring)
HPRegen 0.27/turn                (no ring)
MPRegen 0.10/turn                (no ring)
                                 (no ring)
                                 (no ring)

@: flying, hasted, lightly drained, very quick
A: almost no armour, amphibious, 8 rings, camouflage 1, gelatinous body 1,
(nimble swimmer 1), tentacles
a: no special abilities


You were on level 4 of the Dungeon.
You visited 1 branch of the dungeon, and saw 4 of its levels.

You collected 235 gold pieces.

Inventory:

Hand Weapons
 b - a +0 rapier
Missiles
 e - 44 stones (quivered)
 v - 8 poisoned darts
Armour
 n - a +0 buckler (worn)
Magical Staves
 a - a staff of poison (weapon)
Jewellery
 r - a ring of willpower (left tentacle)
 y - a +6 ring of intelligence
Wands
 u - a wand of paralysis (18)
Scrolls
 d - 2 scrolls of magic mapping {unknown}
 h - a scroll of vulnerability {unknown}
 i - 2 scrolls of enchant weapon {unknown}
 j - a scroll of poison {unknown}
 k - 2 scrolls of amnesia {unknown}
 l - a scroll of butterflies {unknown}
 m - a scroll of brand weapon {unknown}
 o - 4 scrolls of teleportation {unknown}
 s - a scroll of torment {unknown}
 t - a scroll of noise {unknown}
 w - a scroll of identify {unknown}
 x - a scroll of immolation {unknown}
Potions
 c - a potion of might
 f - 2 potions of haste
 g - 3 potions of flight
 p - a potion of brilliance {unknown}
 q - a potion of magic {unknown}
 z - a potion of mutation {unknown}


   Skills:
 + Level 3.8 Fighting
 - Level 2.5 Short Blades
 + Level 1.4 Staves
 + Level 3.9 Dodging
 * Level 4.1 Stealth
 + Level 3.9 Shields


You had 5 spell levels left.
You didn't know any spells.
Your spell library contained the following spells:

 Spells                   Type           Power      Damage    Failure   Level
 Foxfire                  Conj/Fire      0%         2x1d4     38%         1
 Slow                     Hex            0%         N/A       38%         1
 Confusing Touch          Hex            0%         N/A       77%         3
 Vampiric Draining        Necr           0%         2d6       77%         3
 Fireball                 Conj/Fire      0%         3d3       100%        5
 Starburst                Conj/Fire      0%         6d3       100%        6


Dungeon Overview and Level Annotations

Branches:
Dungeon (4/15)
 Temple: D:4-7

Altars:
Elyvilon

Shops:
D:4 *


Innate Abilities, Weirdness & Mutations

You cannot wear most types of armour.
You are amphibious.
You can wear up to eight rings at the same time.
Your skin changes colour to match your surroundings (Stealth+).
Your rubbery body absorbs attacks. (AC +1, EV +1)
((You are camouflaged when in or above water. (Stealth+)))
You have tentacles for arms and can constrict up to eight enemies at once.


Message History

You hit the orc warrior but do no damage.
You tentacle-slap the orc warrior, but do no damage.
You squeeze the orc warrior.
The orc warrior is almost dead.
You constrict the orc warrior.
You kill the orc warrior!
The orc hits you with a +0 hand axe. The orc completely misses you.
Something hits you but does no damage.
Your life force feels restored.
Your Stealth skill increases to level 4!
You have reached level 6!
a - a staff of poison (weapon)
The orc hits you with a +0 hand axe! The orc closely misses you.
You hear some strange, mumbled words.
A magic dart appears from out of thin air!
The magic dart hits you.
You hit the orc. You grab the orc.
The orc is heavily wounded.
You constrict the orc.
The orc hits you with a +2 dagger of draining.
You feel drained. Something hits you.
* * * LOW HITPOINT WARNING * * *
The orc hits you with a +0 hand axe.
* * * LOW HITPOINT WARNING * * *
You hit the orc. Your grab misses the orc. Your squeeze misses the orc.
The orc is heavily wounded.
You constrict the orc.
You kill the orc!
The orc closely misses you. Something barely misses you.
It was a potion of haste.
You feel yourself speed up. The orc barely misses you. Something hits you.
* * * LOW HITPOINT WARNING * * *
It was a potion of flight.
You feel very buoyant.
You fly up into the air.
You hear some strange, mumbled words.
A puff of flame appears from out of thin air!
The puff of flame misses you.
The orc hits you with a +2 dagger of draining.
You die...

#..###........#
#.............#
###............#
##..............#
######...............##
....#..##.............#
......# #.............#
.....# #..[...{.o...##
......# #..<...)@..<.#
......# ##.....).....#
......## #...........#
.......# ##.......†..##
.......# #...........#
...##.#####..........##
...#...##.....<....#.#
.....∩....###....###.##
...#...#### ###### ##.#


You could see an orc.

Vanquished Creatures
  An orc warrior (D:4)
  A gnoll (D:1)
  6 adders
  2 worms
  A dart slug (D:4)
  4 orcs
  3 bats (D:1)
  4 endoplasms
  3 giant cockroaches
  7 goblins
  5 hobgoblins
  10 kobolds
  8 quokkas
  8 ball pythons
  4 frilled lizards
  8 rats
75 creatures vanquished.

Notes
Turn   | Place    | Note
-------+----------+-------------------------------------------
     0 | D:1      | NinjaNoafa the Octopode Fighter began the quest for the
                  | Orb.
     0 | D:1      | Reached XP level 1. HP: 16/16 MP: 1/1
   127 | D:1      | Reached XP level 2. HP: 21/21 MP: 2/2
   166 | D:1      | Reached skill level 1 in Stealth
   289 | D:1      | Reached XP level 3. HP: 26/26 MP: 3/3
  1089 | D:2      | Reached XP level 4. HP: 29/31 MP: 4/4
  1213 | D:2      | Reached skill level 2 in Stealth
  1882 | D:3      | Found a faded altar of an unknown god.
  2332 | D:3      | Reached XP level 5. HP: 35/36 MP: 5/5
  2581 | D:4      | Reached skill level 3 in Stealth
  2652 | D:4      | Found a white marble altar of Elyvilon.
  2921 | D:4      | Found Jeruzos's Gadget Gallery.
  3038 | D:4      | Reached skill level 1 in Staves
  3067 | D:4      | Noticed an orc warrior
  3165 | D:4      | Killed an orc warrior
  3166 | D:4      | Reached skill level 4 in Stealth
  3166 | D:4      | Reached XP level 6. HP: 30/43 MP: 6/6
  3169 | D:4      | HP: 2/42 [something (4)]
  3170 | D:4      | Slain by an orc

Illustrated notes

Levels and vault maps discovered:
D:1:      dpeg_arrival_radiant, layout_basic
D:2:      layout_loops_ring, minmay_misc_feat_tower,
          ebering_dispersal_statue_hall, hex_tiny, minmay_stone_trees_medium
D:3:      layout_basic, nicolae_ecumenical_oubliette, grunt_decor_one_mirror,
          saegor_snake_ambush
D:4:      layout_cave_pods, amcnicky_altar_gilded, elyvilon_altar_5,
          nicolae_shop_gadgets

Skill      XL: |  1  2  3  4  5 |
---------------+----------------+-----
Stealth        | 1 2 4 |  4.1
Staves         | 1 |  1.4
Fighting       | |  3.8
Short Blades   | |  2.5
Dodging        | |  3.9
Shields        | |  3.9

Action                   |  1- 3 |  4- 6 || total
-------------------------+-------+-------++-------
Melee: Rapier            |    62 |    44 ||   106
       Constrict         |    20 |    24 ||    44
       Tentacles         |    12 |    20 ||    32
       Punch             |     2 |     1 ||     3
       Staff             |       |    40 ||    40
Evoke: Wand              |       |     1 ||     1
  Use: Potion            |       |     2 ||     2
 Stab: Sleeping          |     9 |    11 ||    20
       Paralysed         |       |     4 ||     4
Armor: Skin              |     4 |     4 ||     8
Dodge: Dodged            |    35 |    56 ||    91
Block: Buckler           |     7 |    20 ||    27

Table legend: (Time is in decaauts)
 A = Elapsed time spent in this place.
 B = Non-inter-level travel time spent in this place.
 C = Inter-level travel time spent in this place.
 D = Time resting spent in this place.
 E = Time spent auto-exploring this place.
 F = Levels seen in this place.
 G = Mean time per level.
                   A        B        C        D        E       F      G
               +--------+--------+--------+--------+--------+-----+--------+
         Total |   3175 |   2997 |    178 |      0 |   2349 |   4 |  793.8 |
       Dungeon |   3175 |   2997 |    178 |      0 |   2349 |   4 |  793.8 |
               +--------+--------+--------+--------+--------+-----+--------+

Top non-repeatable levels by time:
     D:1: 983 daAuts
     D:3: 820 daAuts
     D:2: 811 daAuts
     D:4: 559 daAuts
